[Event "Titled Tuesday Blitz February 07 Early 2023"]
[White "Minko, Dmitry"]
[Black "Beerdsen, Thomas"]
[WhiteFideId "24188468"]
[BlackFideId "1030108"]
[WhiteElo "2247"]
[BlackElo "2507"]
[Result "0-1"]
[Round "02"]
[TimeControl "180+2"]
[Date "2023.02.07"]
[WhiteClock "0:00:37"]
[BlackClock "0:02:31"]

1. e4 e5 2. Nf3 Nc6 3. d4 exd4 4. Nxd4 Nf6 5. Nc3 Bb4 6. Nxc6 bxc6 7. Bd3 d5 8. exd5 O-O 9. O-O Bg4 10. f3 Bh5 11. Bg5 cxd5 12. Bxf6 Qxf6 13. Nxd5 Qxb2 14. Nxb4 Qxb4 15. Qe1 Qa3 16. f4 f6 17. Qh4 Bg6 18. Rf3 Bxd3 19. Rxd3 Qc5+ 20. Qf2 Qa5 21. Rd7 Rad8 22. Rad1 Rxd7 23. Rxd7 Qxa2 24. Rxc7 Qb1+ 0-1


[Site "https://www.chess.com"]

[Event "Titled Tuesday Blitz February 07 Early 2023"]
[White "Sattarov, Bobir"]
[Black "Mohammed, Zozek Salah Mohammed"]
[WhiteFideId "14203081"]
[BlackFideId "4803361"]
[WhiteElo "2366"]
[BlackElo "2210"]
[Result "1-0"]
[Round "02"]
[TimeControl "180+2"]
[Date "2023.02.07"]
[WhiteClock "0:01:04"]
[BlackClock "0:01:39"]

1. e4 e6 2. d4 d5 3. e5 c5 4. c3 Nc6 5. Nf3 Qb6 6. Bd3 cxd4 7. O-O Bd7 8. Re1 Nge7 9. h4 a6 10. h5 dxc3 11. Nxc3 Qc7 12. a3 Rc8 13. Bd2 Na5 14. h6 g6 15. b3 Nf5 16. Bxf5 gxf5 17. Rc1 Nc6 18. b4 b5 19. Bg5 Be7 20. Bxe7 Kxe7 21. Nd4 Qb6 22. Nxf5+ Kf8 23. Nd6 Rd8 24. Qf3 Nxe5 25. Qf6 1-0


[Site "https://www.chess.com"]

[Event "Titled Tuesday Blitz February 07 Early 2023"]
[White "Marn, Jan"]
[Black "Shipov, Sergei"]
[WhiteFideId "14619245"]
[BlackFideId "4113624"]
[WhiteElo "2345"]
[BlackElo "2541"]
[Result "1-0"]
[Round "02"]
[TimeControl "180+2"]
[Date "2023.02.07"]
[WhiteClock "0:00:04"]
[BlackClock "0:00:07"]

1. d4 Nf6 2. Nf3 c5 3. e3 g6 4. dxc5 Bg7 5. c3 O-O 6. Be2 Na6 7. b4 Ne4 8. Qb3 b6 9. cxb6 Qxb6 10. Bb2 d5 11. Nbd2 Bf5 12. O-O Rac8 13. Nxe4 Bxe4 14. Nd2 Bf5 15. a3 Rfd8 16. Rfd1 e5 17. c4 d4 18. c5 Qb7 19. exd4 exd4 20. Bc4 h5 21. Nf3 Bg4 22. h3 Bxf3 23. Qxf3 Qxf3 24. gxf3 Nc7 25. Rd2 Ne6 26. Rad1 Nf4 27. Bxd4 Nxh3+ 28. Kh2 Ng5 29. Kg2 Bxd4 30. Rxd4 Rxd4 31. Rxd4 Rc7 32. f4 Nh7 33. Rd6 Kg7 34. c6 Nf6 35. b5 Ne4 36. Rd7 Rc8 37. Rxa7 Nd6 38. Bf1 Kf6 39. a4 Rb8 40. c7 Rc8 41. b6 1-0


[Site "https://www.chess.com"]

[Event "Titled Tuesday Blitz February 07 Early 2023"]
[White "Zahid, Sanatan"]
[Black "Degenbaev, Aziz"]
[WhiteFideId "10201963"]
[BlackFideId "13802640"]
[WhiteElo "1930"]
[BlackElo "2203"]
[Result "1-0"]
[Round "02"]
[TimeControl "180+2"]
[Date "2023.02.07"]
[WhiteClock "0:01:02"]
[BlackClock "0:00:04"]

1. d4 Nf6 2. Nc3 d5 3. Bf4 g6 4. h4 h5 5. Qd2 Bg7 6. O-O-O O-O 7. Bh6 c5 8. Bxg7 Kxg7 9. dxc5 Qa5 10. Nxd5 Qxa2 11. Qc3 Rd8 12. e4 Nd7 13. Bc4 Qa4 14. Bb3 Qxe4 15. Nf3 e6 16. Rd4 Qf5 17. Rf4 exd5 18. Rxf5 gxf5 19. Rh3 Kf8 20. Rg3 Re8 21. Ng5 Ne5 22. Re3 Ne4 23. Qd4 Ng4 24. Re1 Ngxf2 25. Bxd5 Bd7 26. Bxf7 1-0


[Site "https://www.chess.com"]

[Event "Titled Tuesday Blitz February 07 Early 2023"]
[White "Basso, Pier Luigi"]
[Black "Morefield, Jason"]
[WhiteFideId "866970"]
[BlackFideId "30920825"]
[WhiteElo "2506"]
[BlackElo "2167"]
[Result "1-0"]
[Round "02"]
[TimeControl "180+2"]
[Date "2023.02.07"]
[WhiteClock "0:00:39"]
[BlackClock "0:00:14"]

1. d4 Nf6 2. c4 e6 3. Nf3 d5 4. Nc3 c6 5. Bg5 Nbd7 6. e3 Qa5 7. Nd2 Bb4 8. Qc2 dxc4 9. Bxf6 Nxf6 10. Nxc4 Qc7 11. a3 Bxc3+ 12. Qxc3 c5 13. Rc1 cxd4 14. Qxd4 O-O 15. Qd6 Qxd6 16. Nxd6 Bd7 17. Bb5 Bxb5 18. Nxb5 Rac8 19. Ke2 a6 20. Nd6 Rcd8 21. Rhd1 Nd5 22. Nxb7 Rb8 23. Nc5 Rxb2+ 24. Rd2 Rb5 25. Nxa6 Ra5 26. Nb4 Rxa3 27. Nxd5 exd5 28. Rxd5 Ra2+ 29. Rd2 Rxd2+ 30. Kxd2 g6 31. g4 Kg7 32. Rc5 Ra8 33. Ke2 Ra2+ 34. Kf3 Ra4 35. Kg3 Ra1 36. h4 Rg1+ 37. Kf3 Rh1 38. h5 gxh5 39. Rxh5 Ra1 40. Kf4 h6 41. e4 Ra2 42. f3 Ra4 43. Rb5 Rc4 44. Rb6 Ra4 45. Kf5 Ra3 46. f4 Ra5+ 47. e5 Ra7 48. g5 hxg5 49. Kxg5 Ra1 50. Rb7 Rg1+ 51. Kf5 Re1 52. Re7 Ra1 53. Kg5 Rg1+ 54. Kf5 Ra1 55. Rc7 Ra6 56. Rc1 Rg6 57. Re1 Rg2 58. Re3 Rg1 59. Rd3 Rg2 60. Rd7 Rg6 61. Ra7 Rb6 62. Ke4 Rb4+ 63. Kf3 Rb5 64. Kg4 Rb6 65. Ra2 Rg6+ 66. Kf3 Rb6 67. Rg2+ Kf8 68. Ke4 Ke7 69. Kf5 Ra6 70. Rb2 Rc6 71. Rb7+ Kf8 72. Rd7 Kg7 73. Rd6 Rc7 74. Kg5 Rc1 75. Rd3 Rg1+ 76. Kf5 Rc1 77. Rg3+ Kf8 78. Kg5 Rc5 79. Re3 Kg7 80. Kf5 Ra5 81. Rg3+ Kf8 82. Ke4 Ra4+ 83. Kf3 Ra5 84. Kg4 Ke7 85. Kf5 Ra6 86. Re3 Re6 87. Ke4 Rb6 88. Rd3 Rb4+ 89. Rd4 Rb1 90. Ra4 Rb6 91. f5 Rc6 92. Ra7+ Kf8 93. f6 Kg8 94. Ra8+ Kh7 95. Rf8 Rc7 96. Kf5 Ra7 97. Re8 Rb7 98. Re7 Rb1 99. Rxf7+ Kg8 100. Rg7+ Kf8 101. Rg4 Rf1+ 102. Kg6 Re1 103. Rb4 Rg1+ 104. Kf5 Rf1+ 105. Ke6 Kg8 106. Rb8+ Kh7 107. f7 Kg7 108. Rg8+ Kh7 109. f8=Q Rf6+ 110. Qxf6 1-0


[Site "https://www.chess.com"]

[Event "Titled Tuesday Blitz February 07 Early 2023"]
[White "Jimenez, Joaquin"]
[Black "Nouri, Alekhine"]
[WhiteFideId "109860"]
[BlackFideId "5216184"]
[WhiteElo "2195"]
[BlackElo "2257"]
[Result "1/2-1/2"]
[Round "02"]
[TimeControl "180+2"]
[Date "2023.02.07"]
[WhiteClock "0:00:29"]
[BlackClock "0:00:08"]

1. c4 e5 2. Nc3 Nc6 3. g3 g6 4. Bg2 Bg7 5. e3 Nge7 6. Nge2 d6 7. d3 O-O 8. O-O Be6 9. Nd5 Qd7 10. Rb1 h6 11. b4 Bxd5 12. cxd5 Nd8 13. e4 f5 14. f3 c6 15. dxc6 bxc6 16. Be3 Ne6 17. Qb3 d5 18. f4 a5 19. b5 a4 20. bxc6 axb3 21. cxd7 bxa2 22. Ra1 exf4 23. Bxf4 Nxf4 24. gxf4 Bxa1 25. Rxa1 Rfb8 26. Nc3 fxe4 27. dxe4 d4 28. Nxa2 d3 29. Kf2 Ra7 30. Ke3 Rxd7 31. Rd1 Rb2 32. Bh3 Re2+ 33. Kf3 Rc7 34. Rxd3 Rxh2 35. Kg3 Rcc2 36. Nb4 Rcd2 37. Ra3 Kf7 38. Ra7 g5 39. Nd5 gxf4+ 40. Kh4 Rxd5 41. exd5 Rd2 42. Be6+ Kf6 43. Kg4 Rd4 44. Ra6 Ke5 45. Ra5 h5+ 46. Kxh5 f3 47. d6+ Kxe6 48. dxe7 Kxe7 49. Rf5 Ke6 50. Rxf3 Rd5+ 51. Kg4 Re5 52. Rf4 Rd5 53. Kf3 Kd6 54. Re4 Kc5 55. Kf4 Kd6 56. Ke3 Kc5 57. Kf4 Kd6 58. Ke3 Kc5 59. Kf4 1/2-1/2


[Site "https://www.chess.com"]

[Event "Titled Tuesday Blitz February 07 Early 2023"]
[White "Devaev, Alexander"]
[Black "Lianes Garcia, Marcos"]
[WhiteFideId "4169395"]
[BlackFideId "32060777"]
[WhiteElo "2325"]
[BlackElo "2411"]
[Result "1-0"]
[Round "02"]
[TimeControl "180+2"]
[Date "2023.02.07"]
[WhiteClock "0:00:06"]
[BlackClock "0:00:26"]

1. d4 g6 2. c4 Bg7 3. e4 c5 4. d5 d6 5. h3 e5 6. Nc3 Ne7 7. Nf3 O-O 8. g4 h6 9. Rg1 Na6 10. h4 Nc7 11. h5 g5 12. Be3 Bd7 13. Nd2 a6 14. a3 b5 15. b4 cxb4 16. axb4 bxc4 17. Bxc4 Nb5 18. Nxb5 axb5 19. Bd3 Qc7 20. Rc1 Qb7 21. f3 Ra4 22. Rb1 Rfa8 23. Kf2 Nc8 24. Qc2 Bf6 25. Nb3 Rxb4 26. Na5 Rxa5 27. Rxb4 Bd8 28. Rgb1 Na7 29. Bxa7 Qxa7+ 30. Kg2 Qb6 31. Qe2 Ra3 32. Bxb5 Bxb5 33. Rxb5 Qa7 34. Rb8 Qa5 35. R1b2 Kg7 36. Qd2 Qxd2+ 37. Rxd2 Ba5 38. Rc2 Ra4 39. Ra8 Ra3 40. Rb2 Kf6 41. Rb5 Ra2+ 42. Kh3 Rf2 43. Rbxa5 Rxf3+ 44. Kg2 Rf4 45. Ra4 Rxg4+ 46. Kf3 Rf4+ 47. Ke3 Rh4 48. Rd8 Ke7 49. Raa8 Rh3+ 50. Kf2 Rxh5 51. Re8+ Kf6 52. Rad8 Rh4 53. Rxd6+ Kg7 54. Rxe5 Rf4+ 55. Kg3 Rf1 56. Rd7 Kg6 57. Rf5 Rg1+ 58. Kf2 Rg4 59. Rdxf7 Rxe4 60. R7f6+ Kh5 61. d6 Rd4 62. Rf3 Kg4 63. Rg3+ Kh5 64. Ke3 Rd1 65. Rh3+ Kg4 66. Rhxh6 Kg3 67. Ke2 Rd4 68. Rhg6 g4 69. Re6 Rd5 70. Re4 Kh3 71. Rexg4 Re5+ 72. Kd3 Re1 73. Rg1 1-0


[Site "https://www.chess.com"]

[Event "Titled Tuesday Blitz February 07 Early 2023"]
[White "Szpar, Milosz"]
[Black "Abdilkhair, Abilmansur"]
[WhiteFideId "1184989"]
[BlackFideId "13716417"]
[WhiteElo "2447"]
[BlackElo "2268"]
[Result "1-0"]
[Round "02"]
[TimeControl "180+2"]
[Date "2023.02.07"]
[WhiteClock "0:00:16"]
[BlackClock "0:00:12"]

1. e4 e5 2. Nf3 Nc6 3. Bb5 a6 4. Ba4 Nf6 5. O-O b5 6. Bb3 Be7 7. d4 exd4 8. e5 Ne4 9. Nxd4 O-O 10. Bd5 Nc5 11. Nxc6 dxc6 12. Bxc6 Qxd1 13. Rxd1 Bg4 14. f3 Rad8 15. Nc3 Rxd1+ 16. Nxd1 Bf5 17. Ne3 Bg6 18. Nd5 Bd8 19. Be3 Ne6 20. c3 f6 21. exf6 gxf6 22. a4 Be8 23. axb5 axb5 24. Bxe8 Rxe8 25. Ra8 Kf7 26. Kf1 c6 27. Nb4 Nc7 28. Rc8 Rxe3 29. Rxd8 Ne6 30. Rd7+ Kg6 31. Nxc6 Nc5 32. Rd2 Nd3 33. Re2 Rxe2 34. Kxe2 Nxb2 35. Nd4 Na4 36. Nxb5 Kf5 37. Kd3 Ke5 38. c4 Nc5+ 39. Ke3 h5 40. f4+ Kf5 41. Nd6+ Ke6 42. Ne4 Nb3 43. Kd3 Nc1+ 44. Kd2 Nb3+ 45. Kc3 Na5 46. c5 Nc6 47. Kc4 Kf5 48. Ng3+ Kxf4 49. Nxh5+ Kg5 50. Ng3 f5 51. Kd5 Nb4+ 52. Kd6 f4 53. Ne2 Kf5 54. c6 Nxc6 55. Kxc6 Ke4 56. Kd6 f3 57. Ng3+ Kf4 58. gxf3 Kxf3 59. Ke5 Kg4 60. Ke4 Kh3 61. Nf1 Kg4 62. Ke3 Kh4 63. Kf3 Kh3 64. Kf2 Kh4 65. Kg2 Kg4 66. h3+ Kh4 67. Kh2 Kg5 68. Kg3 Kh5 69. h4 Kg6 70. Kg4 Kf6 71. h5 Kg7 72. Kg5 Kh7 73. h6 Kh8 74. Ng3 Kg8 75. Kg6 Kh8 76. Ne4 Kg8 77. Ng5 Kh8 78. Nf7+ Kg8 79. h7+ Kf8 80. h8=Q+ 1-0


[Site "https://www.chess.com"]

[Event "Titled Tuesday Blitz February 07 Early 2023"]
[White "Forgacs, Attila Jr."]
[Black "Leiva, Gianmarco"]
[WhiteFideId "773654"]
[BlackFideId "3804399"]
[WhiteElo "2264"]
[BlackElo "2392"]
[Result "1-0"]
[Round "02"]
[TimeControl "180+2"]
[Date "2023.02.07"]
[WhiteClock "0:00:42"]
[BlackClock "0:00:15"]

1. e4 c6 2. d4 d5 3. Nd2 dxe4 4. Nxe4 Nf6 5. Nxf6+ exf6 6. c3 Bd6 7. Bd3 O-O 8. Qc2 h5 9. Be3 Re8 10. O-O-O Be6 11. Kb1 b5 12. Ne2 Bd5 13. Rhg1 Qc7 14. g4 Bf3 15. gxh5 Bxh5 16. Bh6 g6 17. Bxg6 fxg6 18. Rxg6+ Bxg6 19. Qxg6+ Kh8 20. Qxe8+ Kh7 21. Qh5 Kh8 22. Rg1 Qh7+ 23. Ka1 Nd7 24. Bg7+ 1-0


[Site "https://www.chess.com"]

[Event "Titled Tuesday Blitz February 07 Early 2023"]
[White "Dudzinski, Pawel"]
[Black "Wagh Suyog"]
[WhiteFideId "1117890"]
[BlackFideId "25071688"]
[WhiteElo "2186"]
[BlackElo "2313"]
[Result "0-1"]
[Round "02"]
[TimeControl "180+2"]
[Date "2023.02.07"]
[WhiteClock "0:00:17"]
[BlackClock "0:02:04"]

1. e4 e6 2. d3 c5 3. Ne2 Nc6 4. Nbc3 d5 5. exd5 exd5 6. d4 Nf6 7. h3 a6 8. Be3 cxd4 9. Nxd4 Bd6 10. Be2 O-O 11. O-O Bb8 12. Nxc6 bxc6 13. Bc5 Re8 14. f4 Bf5 15. g4 Be4 16. g5 Nd7 17. Ba3 Qb6+ 18. Kh2 Qe3 19. Qc1 Qd4 20. Nxe4 Rxe4 21. Bd3 Rxf4 22. Qd2 Rxf1+ 0-1


[Site "https://www.chess.com"]

[Event "Titled Tuesday Blitz February 07 Early 2023"]
[White "Vaishali, Rameshbabu"]
[Black "Zacurdajev, Dmitry"]
[WhiteFideId "5091756"]
[BlackFideId "4196309"]
[WhiteElo "2418"]
[BlackElo "2273"]
[Result "1-0"]
[Round "02"]
[TimeControl "180+2"]
[Date "2023.02.07"]
[WhiteClock "0:00:05"]
[BlackClock "0:00:01"]

1. d4 d5 2. c4 e6 3. Nc3 Nf6 4. cxd5 exd5 5. Bf4 Bd6 6. Bxd6 Qxd6 7. e3 c6 8. Bd3 O-O 9. Nge2 Nbd7 10. Qd2 Re8 11. f3 Nb6 12. O-O Be6 13. Rae1 Rad8 14. Kh1 Qc7 15. Nf4 a6 16. g4 c5 17. g5 Nfd7 18. Rg1 cxd4 19. exd4 Nf8 20. Nh5 Ng6 21. f4 Nc4 22. Qf2 Nf8 23. f5 Bc8 24. Qh4 Rxe1 25. Rxe1 Nxb2 26. Nf6+ gxf6 27. gxf6 Nxd3 28. Qh6 Ne6 29. Rg1+ Kh8 30. Rg7 Nf2+ 31. Kg1 Nh3+ 32. Kh1 Nf2+ 33. Kg2 Nf4+ 34. Kxf2 Nd3+ 35. Kg1 1-0


[Site "https://www.chess.com"]

[Event "Titled Tuesday Blitz February 07 Early 2023"]
[White "Sputnik-11"]
[Black "Tan, Zhongyi"]
[BlackFideId "8603642"]
[WhiteElo "2381"]
[BlackElo "2517"]
[Result "0-1"]
[Round "02"]
[TimeControl "180+2"]
[Date "2023.02.07"]
[WhiteClock "0:00:08"]
[BlackClock "0:00:52"]

1. Nf3 c5 2. c4 Nf6 3. g3 g6 4. Bg2 Bg7 5. O-O d5 6. cxd5 Nxd5 7. Nc3 Nxc3 8. dxc3 O-O 9. Qxd8 Rxd8 10. Bg5 Nc6 11. Rfd1 Be6 12. Nd2 f6 13. Be3 Rd7 14. Ne4 Rxd1+ 15. Rxd1 Bxa2 16. Nxc5 Ne5 17. Nxb7 Ng4 18. Bc5 e5 19. Rd8+ Rxd8 20. Nxd8 a6 21. Bb7 Bc4 22. e3 f5 23. Nc6 e4 24. Nb4 a5 25. Bd5+ Bxd5 26. Nxd5 Ne5 27. Bd4 Nd3 28. Bxg7 Kxg7 29. b4 a4 30. c4 a3 31. Nc3 Nxb4 32. c5 Kf7 33. c6 Ke7 34. Kf1 a2 35. Nxa2 Nxa2 0-1


[Site "https://www.chess.com"]

[Event "Titled Tuesday Blitz February 07 Early 2023"]
[White "Avazkhonov, Alikhon"]
[Black "Md, Imran"]
[WhiteFideId "14208504"]
[BlackFideId "25748580"]
[WhiteElo "1538"]
[BlackElo "2284"]
[Result "1-0"]
[Round "02"]
[TimeControl "180+2"]
[Date "2023.02.07"]
[WhiteClock "0:00:02"]
[BlackClock "0:00:48"]

1. d4 Nf6 2. c4 e6 3. Nc3 Bb4 4. e3 O-O 5. Bd2 c5 6. a3 Bxc3 7. Bxc3 cxd4 8. Qxd4 Nc6 9. Qh4 e5 10. Nf3 Re8 11. O-O-O d6 12. c5 d5 13. Bb5 Qc7 14. Nd2 Bf5 15. f3 a6 16. Ba4 Bd3 17. Nb3 Bb5 18. Bxb5 axb5 19. g4 b4 20. axb4 d4 21. exd4 Nd5 22. Kb1 exd4 23. Nxd4 Ncxb4 24. Nb3 Qc6 25. Qg5 Qa4 26. Qxg7# 1-0


[Site "https://www.chess.com"]

[Event "Titled Tuesday Blitz February 07 Early 2023"]
[White "Lorenzo De La Riva, Lazaro"]
[Black "Mischuk, Dmitry"]
[WhiteFideId "2268809"]
[BlackFideId "14118734"]
[WhiteElo "2404"]
[BlackElo "2298"]
[Result "1-0"]
[Round "02"]
[TimeControl "180+2"]
[Date "2023.02.07"]
[WhiteClock "0:00:11"]
[BlackClock "0:00:18"]

1. e4 c5 2. Nf3 d6 3. d4 cxd4 4. Nxd4 Nf6 5. Nc3 g6 6. Be3 Bg7 7. f3 O-O 8. Qd2 Nc6 9. Bc4 Nxd4 10. Bxd4 Be6 11. Bb3 Qa5 12. O-O-O b5 13. Kb1 b4 14. Ne2 Bxb3 15. cxb3 e5 16. Be3 Rfd8 17. Bg5 d5 18. Bxf6 Bxf6 19. exd5 Rd7 20. Ng3 Rad8 21. Ne4 Bg7 22. g4 Rxd5 23. Qe2 h6 24. h4 f5 25. gxf5 gxf5 26. Ng3 Rxd1+ 27. Rxd1 Rxd1+ 28. Qxd1 e4 29. f4 Qc5 30. Nh5 Qd4 31. Qxd4 Bxd4 32. Ng3 Bf2 33. Nxf5 e3 34. Nd4 Bxh4 35. Kc2 Bf6 36. Ne2 Kf7 37. Kd3 Bxb2 38. Kxe3 Kf6 39. Ke4 h5 40. Ng1 Kg6 41. Nf3 Bf6 42. f5+ Kh6 43. Kd5 h4 44. Ke6 Kg7 45. Nh2 h3 46. Ng4 Bh4 47. f6+ Kf8 48. f7 Bd8 49. Ne5 Kg7 50. Nd7 h2 51. f8=Q+ Kg6 52. Qf1 Bc7 53. Qh1 Kg5 54. Kd5 Kf4 55. Kc6 Bd8 56. Nc5 Ke3 57. Na6 Bh4 58. Qxh2 Bg3 59. Qxg3+ 1-0


[Site "https://www.chess.com"]

[Event "Titled Tuesday Blitz February 07 Early 2023"]
[White "Costachi, Mihnea"]
[Black "Nikologorsky, Matfei"]
[WhiteFideId "1217518"]
[BlackFideId "24102474"]
[WhiteElo "2476"]
[BlackElo "2182"]
[Result "1-0"]
[Round "02"]
[TimeControl "180+2"]
[Date "2023.02.07"]
[WhiteClock "0:02:07"]
[BlackClock "0:00:19"]

1. Nc3 d5 2. d4 Nf6 3. Bf4 c5 4. e3 cxd4 5. exd4 a6 6. Nf3 Nc6 7. h3 e6 8. Bd3 Bd7 9. O-O Qb6 10. Ne2 Be7 11. c3 Qa5 12. Ne5 b5 13. a3 Qb6 14. Ng3 Na5 15. Nh5 Nc4 16. Nxg7+ Kf8 17. Nh5 Ra7 18. Bh6+ Ke8 19. Ng7+ 1-0


[Site "https://www.chess.com"]

[Event "Titled Tuesday Blitz February 07 Early 2023"]
[White "Dzida, Kamil"]
[Black "Sokolovsky, Yahli"]
[WhiteFideId "21828652"]
[BlackFideId "2820242"]
[WhiteElo "2352"]
[BlackElo "2461"]
[Result "0-1"]
[Round "02"]
[TimeControl "180+2"]
[Date "2023.02.07"]
[WhiteClock "0:00:04"]
[BlackClock "0:00:11"]

1. e4 g6 2. d4 Bg7 3. Nf3 d6 4. Nc3 a6 5. a4 b6 6. Be2 Bb7 7. O-O Nf6 8. e5 Nfd7 9. e6 fxe6 10. Ng5 Nf8 11. Bg4 Nc6 12. d5 Ne5 13. Bxe6 h6 14. f4 hxg5 15. fxe5 Nxe6 16. dxe6 Bxe5 17. h3 Bf6 18. Nd5 Bxd5 19. Qxd5 Kf8 20. Bxg5 Kg7 21. Rae1 Qe8 22. Bxf6+ exf6 23. e7 Qf7 24. Qc6 Rac8 25. Qd7 Rhe8 26. Re6 a5 27. b3 f5 28. g4 f4 29. Re4 g5 30. Kg2 Qf6 31. Rfe1 Qc3 32. Qf5 Qg3+ 33. Kf1 Qf3+ 34. Kg1 Qg3+ 35. Kf1 Qxh3+ 36. Ke2 Qh6 37. Kd1 Qf6 38. Re6 Qxf5 39. gxf5 Kf7 40. Rg1 Rxe7 41. Rxe7+ Kxe7 42. Rxg5 Kf6 43. Rh5 Re8 44. Kd2 f3 45. Rh7 f2 46. Rh1 Re4 47. Rf1 Rf4 48. Ke3 Rxf5 49. Ke4 Ke6 50. c4 Rf6 51. Kd4 Kd7 52. Kd5 Rf5+ 53. Ke4 Rf7 54. Kd5 Rf8 55. Ke4 Kc6 56. Kd4 Rf7 57. Kd3 Kc5 58. Kc3 Rf3+ 59. Kc2 Kb4 60. Kb2 Rf4 0-1


[Site "https://www.chess.com"]

[Event "Titled Tuesday Blitz February 07 Early 2023"]
[White "Oro, Faustino"]
[Black "Sowul, Bartosz"]
[WhiteFideId "20000197"]
[BlackFideId "1137590"]
[WhiteElo "2269"]
[BlackElo "2269"]
[Result "1-0"]
[Round "02"]
[TimeControl "180+2"]
[Date "2023.02.07"]
[WhiteClock "0:00:53"]
[BlackClock "0:00:09"]

1. e4 c5 2. Nf3 d6 3. d4 cxd4 4. Nxd4 Nf6 5. Nc3 Nc6 6. f3 e5 7. Nb3 Be7 8. Be3 O-O 9. Qd2 a5 10. Bb5 Be6 11. Nd5 Bxd5 12. exd5 Nb4 13. c4 Nh5 14. O-O f5 15. a3 Na6 16. Nxa5 Nc5 17. Bxc5 Rxa5 18. Be3 Ra8 19. b4 Bf6 20. Ra2 f4 21. Bf2 e4 22. fxe4 Be5 23. c5 f3 24. g3 Nf6 25. Qg5 Qc8 26. Qf5 Qd8 27. cxd6 Bxd6 28. e5 Nxd5 29. Qe6+ 1-0


[Site "https://www.chess.com"]

[Event "Titled Tuesday Blitz February 07 Early 2023"]
[White "Lucassen, Mickey"]
[Black "Ajay, Karthikeyan"]
[WhiteFideId "12919110"]
[BlackFideId "35011685"]
[WhiteElo "2023"]
[BlackElo "2454"]
[Result "0-1"]
[Round "02"]
[TimeControl "180+2"]
[Date "2023.02.07"]
[WhiteClock "0:00:15"]
[BlackClock "0:00:11"]

1. d4 Nf6 2. Nf3 g6 3. Nc3 Bg7 4. e4 d6 5. Be2 O-O 6. O-O Nc6 7. h3 e5 8. d5 Ne7 9. Ne1 Nd7 10. Nd3 f5 11. f3 f4 12. Rf2 g5 13. Bf1 h5 14. Na4 Nf6 15. c4 b6 16. b4 Ng6 17. c5 Rf7 18. Rc2 g4 19. cxd6 cxd6 20. Nc3 Bf8 21. a4 Rg7 22. Kh1 gxh3 23. gxh3 Nh4 24. a5 Rg3 25. Nxf4 exf4 26. Bxf4 Rxf3 27. Bg5 Bxh3 28. Be2 Bg2+ 29. Kg1 Rh3 30. Bxh4 Rh1+ 31. Kxg2 Rxd1 32. Bxd1 Be7 33. Kh2 Ng4+ 34. Bxg4 Bxh4 35. Bxh5 Bf6 36. Rg1+ Kh8 37. Ne2 Be5+ 38. Kh3 Rc8 39. Rd2 Qd7+ 40. Bg4 Qh7+ 41. Kg2 Qh2+ 42. Kf3 Rc3+ 43. Nxc3 Qxg1 44. Ne2 Qf1+ 45. Ke3 Qb1 46. Bf5 Qb3+ 47. Kf2 Qxb4 48. Rd3 Qxa5 49. Rh3+ Kg7 50. Rh6 Kxh6 0-1


[Site "https://www.chess.com"]

[Event "Titled Tuesday Blitz February 07 Early 2023"]
[White "Malek, Jan"]
[Black "Rosenberg, Evan S"]
[WhiteFideId "21864080"]
[BlackFideId "2019299"]
[WhiteElo "2370"]
[BlackElo "1956"]
[Result "1-0"]
[Round "02"]
[TimeControl "180+2"]
[Date "2023.02.07"]
[WhiteClock "0:00:14"]
[BlackClock "0:00:01"]

1. c4 e6 2. d4 d5 3. Nc3 c5 4. cxd5 cxd4 5. Qa4+ Bd7 6. Qxd4 exd5 7. Qxd5 Nf6 8. Qd1 Bc5 9. Nf3 O-O 10. e3 Qe7 11. Be2 Nc6 12. O-O Rfd8 13. a3 Ne5 14. Nxe5 Qxe5 15. Qb3 Bc6 16. Qc4 Rac8 17. Qh4 h6 18. Qg3 Qe6 19. Qh4 Be7 20. Bc4 Qe5 21. Qg3 Qh5 22. Be2 Qf5 23. f3 Bc5 24. Kh1 Bd6 25. Qh4 Be7 26. e4 Qg6 27. Qf2 b6 28. Be3 Bd6 29. Rfd1 Bc7 30. Qh4 Rxd1+ 31. Rxd1 Rd8 32. Rxd8+ Bxd8 33. Qf4 Be7 34. Bd3 Qh5 35. Qb8+ Kh7 36. e5+ g6 37. exf6 Bxf6 38. Qc7 Be5 39. Qxf7+ Kh8 40. Qf8+ Kh7 41. Qe7+ Kh8 42. Bf4 Bxf4 43. Qf8+ Kh7 44. Qxf4 Qc5 45. Qf7+ Kh8 46. Qf6+ Kg8 47. Qxg6+ Kf8 48. Qxh6+ Ke8 49. Qe6+ Kd8 50. h4 Bd7 51. Qf6+ Kc8 52. Be4 Qf2 53. Qf8+ Kc7 54. Nd5+ Kc6 55. Nc3+ Kc7 56. Qf4+ Kd8 57. h5 1-0


[Site "https://www.chess.com"]

[Event "Titled Tuesday Blitz February 07 Early 2023"]
[White "Mogirzan, Matei-Valeriu"]
[Black "Nigmatov, Ortik"]
[WhiteFideId "1257455"]
[BlackFideId "14202131"]
[WhiteElo "1813"]
[BlackElo "2438"]
[Result "1-0"]
[Round "02"]
[TimeControl "180+2"]
[Date "2023.02.07"]
[WhiteClock "0:00:05"]
[BlackClock "0:00:42"]

1. d4 Nf6 2. Nf3 g6 3. e3 Bg7 4. g3 O-O 5. Bg2 d6 6. O-O Nbd7 7. c4 e5 8. Nc3 Re8 9. h3 c6 10. b4 e4 11. Nd2 d5 12. c5 Nf8 13. a4 h5 14. b5 Bf5 15. a5 Qd7 16. Kh2 cxb5 17. a6 h4 18. g4 Bxg4 19. hxg4 Nxg4+ 20. Kg1 Qc7 21. Qxg4 bxa6 22. Nxd5 Qc6 23. Nb4 Qf6 24. Nxe4 Qe7 25. Nd6 Red8 26. Nc6 Qf6 27. Nxd8 Rxd8 28. Ne4 Qe7 29. Ng5 Bh6 30. Nf3 Bg7 31. Qxh4 Bf6 32. Qg4 Ne6 33. e4 Nxd4 34. Nxd4 Bxd4 35. Rb1 Qxc5 36. Qg5 Qc7 37. Bf4 Qb6 38. Be3 b4 39. Bxd4 Rxd4 40. Qe3 a5 41. Rfd1 Rxd1+ 42. Rxd1 Qxe3 43. fxe3 b3 44. e5 a4 45. Ra1 b2 46. Rb1 a3 47. Bd5 Kf8 48. Ba2 Ke7 49. Kf2 f6 50. e6 g5 51. e4 Kd6 52. Kf3 a6 53. Kg4 a5 54. Kf5 Ke7 55. e5 fxe5 56. Kxe5 g4 57. Kf4 Kf6 58. Kxg4 Ke7 59. Kf5 Ke8 60. Kf6 a4 61. Rh1 1-0


[Site "https://www.chess.com"]

[Event "Titled Tuesday Blitz February 07 Early 2023"]
[White "Weetik, Vjacheslav"]
[Black "Szyszylo, Rafal"]
[WhiteFideId "4153472"]
[BlackFideId "1109626"]
[WhiteElo "2423"]
[BlackElo "2091"]
[Result "1-0"]
[Round "02"]
[TimeControl "180+2"]
[Date "2023.02.07"]
[WhiteClock "0:00:45"]
[BlackClock "0:01:00"]

1. d4 d6 2. e4 Nf6 3. Nc3 g6 4. Nf3 Bg7 5. Be2 Bg4 6. Be3 O-O 7. O-O Nc6 8. d5 Bxf3 9. gxf3 Ne5 10. f4 Ned7 11. Kh1 Re8 12. f5 e6 13. dxe6 fxe6 14. fxe6 Ne5 15. f4 Nc6 16. f5 Ne5 17. Bg5 h6 18. Bxf6 Qxf6 19. Nd5 Qh4 20. f6 Qxe4+ 21. Bf3 Nxf3 22. Qxf3 Rxe6 23. Nxc7 Qxf3+ 24. Rxf3 Bxf6 25. Nxe6 Bxb2 26. Rb1 Be5 27. Rxb7 Re8 28. Nc7 Rc8 29. Rxa7 d5 30. Nxd5 Rxc2 31. Ne7+ 1-0


[Site "https://www.chess.com"]

[Event "Titled Tuesday Blitz February 07 Early 2023"]
[White "McBryde, Lamel"]
[Black "Fiorito, Joaquin"]
[WhiteFideId "2058596"]
[BlackFideId "180173"]
[WhiteElo "1861"]
[BlackElo "2405"]
[Result "1-0"]
[Round "02"]
[TimeControl "180+2"]
[Date "2023.02.07"]
[WhiteClock "0:00:03"]
[BlackClock "0:00:03"]

1. Nf3 d5 2. b3 c5 3. Bb2 f6 4. e3 e5 5. d3 Nc6 6. Nbd2 Be6 7. c4 Nge7 8. a3 g6 9. Qc2 Bg7 10. cxd5 Qxd5 11. Rc1 b6 12. d4 exd4 13. exd4 cxd4 14. Bc4 Qd7 15. O-O O-O 16. Rfe1 Bxc4 17. Qxc4+ Kh8 18. Rcd1 Rad8 19. b4 Nf5 20. Nb3 Ne5 21. Qe2 d3 22. Qe4 Nxf3+ 23. Qxf3 Rfe8 24. Rxe8+ Rxe8 25. g3 Rd8 26. Nc1 d2 27. Nb3 Re8 28. Rxd2 Qe6 29. Kg2 Kg8 30. Nd4 Qd7 31. Bc3 Nxd4 32. Rxd4 Qe6 33. Qb7 Re7 34. Rd8+ Kf7 35. Qa8 g5 36. h4 gxh4 37. gxh4 Qg4+ 38. Kf1 Qxh4 39. Qd5+ Kg6 40. Qd3+ f5 41. Rd6+ Kf7 42. Qd5+ Ke8 43. Rd8# 1-0


[Site "https://www.chess.com"]